 Dungeon Crawl Stone Soup version 0.21.0 (webtiles) character file.

3 edsrzf the Ducker (level 1, 0/11 HPs)
             Began as a Tengu Earth Elementalist on Jan 21, 2018.
             Slain by a jackal (2 damage)
             ... on level 1 of the Dungeon.
             The game lasted 00:00:34 (33 turns).

edsrzf the Ducker (Tengu Earth Elementalist)          Turns: 33, Time: 00:00:35

Health: 0/11       AC:  2    Str:  8    XL:     1   Next: 50%
Magic:  0/4        EV: 12    Int: 15    God:
Gold:   5          SH:  0    Dex: 14    Spells: 3/4 levels left

rFire    . . .     SeeInvis .   (no weapon)
rCold    . . .     Gourm    .   (no shield)
rNeg     . . .     Faith    .   c - +0 robe
rPois    .         Spirit   .   (helmet restricted)
rElec    .         Reflect  .   (no cloak)
rCorr    .         Harm     .   (no gloves)
MR       .....                  (boots unavailable)
Stlth    ++........             (no amulet)
HPRegen  0.03/turn              (no ring)
MPRegen  0.09/turn              (no ring)

@: no status effects
A: beak, talons 3
a: no special abilities


You were on level 1 of the Dungeon.
You were not hungry.

You visited 1 branch of the dungeon, and saw 1 of its levels.

You collected 5 gold pieces.

Inventory:

Missiles
 b - 25 stones (quivered)
Armour
 c - a +0 robe (worn)
Books
 e - a book of Geomancy
Comestibles
 d - a ration


   Skills:
 + Level 0.5 Fighting
 - Level 2.1 Dodging
 - Level 2.0 Stealth
 + Level 2.1 Spellcasting
   Level 0.7 Transmutations
 - Level 2.1 Earth Magic


You had 3 spell levels left.
You knew the following spells:

 Your Spells              Type           Power        Failure   Level  Hunger
X - Sandblast             Erth           #.....       9%          1    #......


Dungeon Overview and Level Annotations

Branches:
Dungeon (1/15)

Altars:


Innate Abilities, Weirdness & Mutations

You have a beak for a mouth.
You have claws for feet.


Message History

Welcome, edsrzf the Tengu Earth Elementalist.
Will you be the one to retrieve the fabulous Orb of Zot from the depths?
Press ? for a list of commands and other information.
Found 29 arrows and 5 gold pieces.
Found a staircase leading out of the dungeon.
Autoexplore enabled for D:1 You now have 5 gold pieces.
You open the door.
A jackal comes into view.
The jackal barks! 2 jackals come into view.
There is an open door here.
Casting: Sandblast
Confirm with . or Enter, or press ? or * to list all spells.
Aiming: Sandblast
Press: ? - help, Shift-Dir - straight line, f - jackal
Aim: a jackal (hasn't noticed you)
You miscast Sandblast.
You are very lightly contaminated with residual magic.
Your talons feel warm.
The jackal barks!
Casting: Sandblast
Confirm with . or Enter, or press ? or * to list all spells.
Aiming: Sandblast
Press: ? - help, Shift-Dir - straight line, f - jackal, p - jackal
Aim: a jackal The blast of sand hits the jackal.
The jackal is almost dead.
b - 29 stones The jackal bites you but does no damage.
Casting: Sandblast
Confirm with . or Enter, or press ? or * to list all spells.
Aiming: Sandblast
Press: ? - help, Shift-Dir - straight line, f/p - jackal
Aim: a jackal The blast of sand hits the jackal.
You kill the jackal!
b - 28 stones
Casting: Sandblast
Confirm with . or Enter, or press ? or * to list all spells.
Aiming: Sandblast
Press: ? - help, Shift-Dir - straight line, f - jackal, p - jackal
Aim: a jackal The blast of sand hits the jackal.
The jackal is lightly wounded.
b - 27 stones The jackal misses you.
The jackal bites you. The jackal bites you. The jackal closely misses you.
The jackal bites you but does no damage.
The jackal barely misses you. The jackal misses you. The jackal bites you.
The jackal barely misses you. The jackal bites you.
The jackal closely misses you. The jackal barely misses you.
The jackal completely misses you.
You see here a jackal corpse.
The jackal bites you but does no damage.
There is an open door here.
Casting: Sandblast
Confirm with . or Enter, or press ? or * to list all spells.
Aiming: Sandblast
Press: ? - help, Shift-Dir - straight line, f/p - jackal
Aim: a jackal
Okay, then.
A rat comes into view.
The jackal closely misses you. The jackal misses you.
The jackal completely misses you.
Your magical contamination has completely faded away.
The jackal bites you.
* * * LOW HITPOINT WARNING * * *
Casting: Sandblast
Confirm with . or Enter, or press ? or * to list all spells.
Aiming: Sandblast
Press: ? - help, Shift-Dir - straight line, f/p - jackal
Aim: a jackal The blast of sand hits the jackal.
You kill the jackal!
b - 26 stones
Casting: Sandblast
Confirm with . or Enter, or press ? or * to list all spells.
Aiming: Sandblast
Press: ? - help, Shift-Dir - straight line, f/p - jackal
Aim: a jackal The blast of sand misses the jackal.
The blast of sand hits the rat.
You kill the rat!
b - 25 stones The jackal bites you.
* * * LOW HITPOINT WARNING * * *
The jackal bites you.
You die...

#8(....†#.########
##......#.........
#......##.########
#......#.........#
##8.8###..######.#
##### #..# ##.#
#h# #@# #.# #.#
#.# #.# #.. ###


You could see a jackal.

Vanquished Creatures
  2 jackals (D:1)
  A rat (D:1)
3 creatures vanquished.

Notes
Turn   | Place    | Note
-------+----------+-------------------------------------------
     0 | D:1      | edsrzf the Tengu Earth Elementalist began the quest for the Orb.
     0 | D:1      | Reached XP level 1. HP: 10/10 MP: 4/4
    33 | D:1      | Slain by a jackal

Action                   || total
-------------------------++-------
 Cast: Sandblast         ||     5
Armor: Robe              ||     3
Dodge: Dodged            ||    11
